 Dungeon Crawl Stone Soup version 0.31-a0-819-gf6de2f5ab6 (webtiles) character file.

Game seed: 14670909992122961438

178 randomguy2701 the Cleaver (level 5, 0/41 HPs)
             Began as a Gnoll Wanderer on Sept 24, 2023.
             Slain by a gnoll
             ... wielding a +0 spear
             ... led by a gnoll bouda
              (8 damage)
             ... on level 3 of the Dungeon.
             The game lasted 00:03:04 (1746 turns).

randomguy2701 the Cleaver (Gnoll Wanderer)          Turns: 1746, Time: 00:03:04

Health: 0/41       AC:  3    Str: 16    XL:     5   Next: 58%
Magic:  8/8        EV: 11    Int: 10    God:
Gold:   72         SH:  0    Dex: 10    Spells: 7/7 levels left

rFire   . . .        a - +2 hand axe
rCold   . . .        (no shield)
rNeg    . . .        e - +0 leather armour
rPois   +            (no helmet)
rElec   .            o - scarf {repulsion}
rCorr   .            (no gloves)
SInv    .            (no boots)
Will    .....        (no amulet)
Stlth   ++           k - ring of poison resistance
HPRegen 0.26/turn    (no ring)
MPRegen 0.11/turn

%: repel missiles
@: no status effects
A: fangs 1, strong nose, distributed training
a: no special abilities


You were on level 3 of the Dungeon.
You visited 1 branch of the dungeon, and saw 3 of its levels.

You collected 72 gold pieces.

Inventory:

Hand Weapons
 a - a +2 hand axe (weapon)
Armour
 c - a +0 cloak
 e - a +0 leather armour (worn)
 o - a scarf of repulsion (worn)
Jewellery
 k - a ring of poison resistance (left hand)
 n - an amulet of faith
Wands
 q - a wand of flame (23)
 r - a wand of charming (13)
Scrolls
 b - a scroll of vulnerability
 f - 4 scrolls of identify {unknown}
 g - 2 scrolls of teleportation {unknown}
 h - 2 scrolls of enchant armour {unknown}
 j - a scroll of noise {unknown}
 m - 2 scrolls of amnesia {unknown}
 s - 2 scrolls of enchant weapon {unknown}
 u - a scroll of fog {unknown}
 v - a scroll of fear {unknown}
Potions
 d - a potion of berserk rage
 i - a potion of enlightenment
 l - a potion of brilliance
 p - 2 potions of mutation {unknown}
 t - 2 potions of degeneration {unknown}


   Skills:
 + Level 3.0 Fighting
 + Level 1.6 Short Blades
 + Level 1.6 Long Blades
 + Level 10.5 Axes
 + Level 1.6 Maces & Flails
 + Level 1.6 Polearms
 + Level 1.6 Staves
 + Level 1.6 Ranged Weapons
 + Level 1.6 Throwing
 + Level 1.6 Armour
 + Level 1.6 Dodging
 + Level 4.4 Stealth
 + Level 1.6 Shields
 + Level 1.6 Unarmed Combat
 + Level 1.6 Spellcasting
 + Level 1.2 Conjurations
 + Level 1.2 Hexes
 + Level 1.2 Summonings
 + Level 1.2 Necromancy
 + Level 1.2 Translocations
 + Level 1.2 Transmutations
 + Level 1.2 Fire Magic
 + Level 1.2 Ice Magic
 + Level 1.2 Air Magic
 + Level 1.2 Earth Magic
 + Level 1.2 Poison Magic
 + Level 4.9 Invocations
 + Level 1.6 Evocations
 + Level 1.4 Shapeshifting


You had 7 spell levels left.
You didn't know any spells.
Your spell library contained the following spells:

 Spells                   Type           Power      Damage    Failure   Level
 Ignite Poison            Fire/Tmut/Pois 3%         N/A       56%         3
 Sticky Flame             Conj/Fire      3%         2d3       93%         4
 Ignition                 Fire           1%         3d3       100%        8


Dungeon Overview and Level Annotations

Branches:
Dungeon (3/15)

Altars:

Shops:
D:1 *


Innate Abilities, Weirdness & Mutations

You have very sharp teeth.
Your uncanny sense of smell can sniff out nearby items.
Your experience applies equally to all skills.


Message History

You slash the gnoll!
You kill the gnoll!
Unknown command.
You slash the adder! Your bite misses the adder.
The adder is severely wounded.
The adder bites you but does no damage.
The gnoll hits you from afar with a +0 spear.
The adder bites you.
You are poisoned.
The adder poisons you!
You are too injured to fight recklessly!
Unknown command.
You are too injured to fight recklessly!
Unknown command.
You are too injured to fight recklessly!
Unknown command.
You barely miss the adder. Your bite misses the adder.
The adder is severely wounded.
You feel sick. The adder bites you but does no damage.
You miss the adder. Your bite misses the adder.
The adder is severely wounded.
You feel sick.
The gnoll hits you from afar with a +0 spear.
The adder closely misses you.
Unknown command.
You hit the adder.
The adder is almost dead.
You feel sick. The gnoll barely misses you. The adder closely misses you.
You closely miss the adder.
The adder is almost dead.
You feel sick.
You are no longer poisoned.
The gnoll closely misses you. The adder closely misses you.
Unknown command.
You miss the adder.
The adder is almost dead.
The adder bites you.
* * * LOW HITPOINT WARNING * * *
The gnoll hits you from afar with a +0 spear!
You die...

#.....#.#
#.......########
##...##.#####.....#.#
######.....†....##.#
#######.##.##.#
#.##.##.# #...(...#
####.#### #.# #@# #S#
#g# .g. #.# ∆ ...
∆... .>.


You could see 2 gnolls and an adder.

Vanquished Creatures
  A gnoll bouda (D:3)
  7 gnolls
  3 adders
  2 worms (D:2)
  2 ball pythons
  6 endoplasms
  4 giant cockroaches
  4 goblins
  5 hobgoblins
  3 bats
  2 frilled lizards (D:2)
  9 kobolds
  6 rats
54 creatures vanquished.

Notes
Turn   | Place    | Note
-------+----------+-------------------------------------------
     0 | D:1      | Reached skill level 10 in Axes
     0 | D:1      | randomguy2701 the Gnoll Wanderer began the quest for the
                  | Orb.
     0 | D:1      | randomguy2701 set off with the following items: a +2 hand
                  | axe, a scroll of vulnerability, a +0 cloak, a potion of
                  | berserk rage, a +0 leather armour.
     0 | D:1      | Reached XP level 1. HP: 17/17 MP: 3/3
    45 | D:1      | Reached XP level 2. HP: 16/23 MP: 5/5
   141 | D:1      | Found Goizuaps's General Store.
   483 | D:2      | Reached XP level 3. HP: 28/28 MP: 6/6
   587 | D:2      | Found a faded altar of an unknown god.
   690 | D:2      | Reached skill level 1 in Short Blades
   690 | D:2      | Reached skill level 1 in Long Blades
   690 | D:2      | Reached skill level 1 in Maces & Flails
   690 | D:2      | Reached skill level 1 in Polearms
   690 | D:2      | Reached skill level 1 in Staves
   690 | D:2      | Reached skill level 1 in Ranged Weapons
   690 | D:2      | Reached skill level 1 in Throwing
   690 | D:2      | Reached skill level 1 in Armour
   690 | D:2      | Reached skill level 1 in Dodging
   690 | D:2      | Reached skill level 1 in Shields
   690 | D:2      | Reached skill level 1 in Unarmed Combat
   690 | D:2      | Reached skill level 1 in Spellcasting
   690 | D:2      | Reached skill level 1 in Evocations
   765 | D:2      | Reached skill level 1 in Shapeshifting
   765 | D:2      | Reached XP level 4. HP: 21/34 MP: 7/7
   847 | D:2      | HP: 1/34 [hobgoblin (3)]
   850 | D:2      | Reached skill level 1 in Conjurations
   850 | D:2      | Reached skill level 1 in Hexes
   850 | D:2      | Reached skill level 1 in Summonings
   850 | D:2      | Reached skill level 1 in Necromancy
   850 | D:2      | Reached skill level 1 in Translocations
   850 | D:2      | Reached skill level 1 in Transmutations
   850 | D:2      | Reached skill level 1 in Fire Magic
   850 | D:2      | Reached skill level 1 in Ice Magic
   850 | D:2      | Reached skill level 1 in Air Magic
   850 | D:2      | Reached skill level 1 in Earth Magic
   850 | D:2      | Reached skill level 1 in Poison Magic
  1393 | D:2      | Reached XP level 5. HP: 23/40 MP: 8/8
  1746 | D:3      | Slain by a gnoll

Illustrated notes

Levels and vault maps discovered:
D:1:      dpeg_arrival_pits, layout_rooms, serial_shops, nicolae_diamond_shop
D:2:      layout_loops_ring, shapermc_ecumenical_altar_pompeii
D:3:      layout_loops_corners, serial_shops, shop_statue

Skill      XL: |  1  2  3  4  5 |
---------------+----------------+-----
Axes           | | 10.5
Short Blades   | 1 |  1.6
Long Blades    | 1 |  1.6
Maces & Flails | 1 |  1.6
Polearms       | 1 |  1.6
Staves         | 1 |  1.6
Ranged Weapons | 1 |  1.6
Throwing       | 1 |  1.6
Armour         | 1 |  1.6
Dodging        | 1 |  1.6
Shields        | 1 |  1.6
Unarmed Combat | 1 |  1.6
Spellcasting   | 1 |  1.6
Evocations     | 1 |  1.6
Shapeshifting  | 1 |  1.4
Conjurations   | 1 |  1.2
Hexes          | 1 |  1.2
Summonings     | 1 |  1.2
Necromancy     | 1 |  1.2
Translocations | 1 |  1.2
Transmutations | 1 |  1.2
Fire Magic     | 1 |  1.2
Ice Magic      | 1 |  1.2
Air Magic      | 1 |  1.2
Earth Magic    | 1 |  1.2
Poison Magic   | 1 |  1.2
Fighting       | 3 |  3.0
Stealth        | |  4.4
Invocations    | |  4.9

Action                     |  1- 3 |  4- 6 || total
---------------------------+-------+-------++-------
  Melee: Hand axe          |    89 |    70 ||   159
         Bite              |     4 |     7 ||    11
         Punch             |     2 |       ||     2
    Use: Potion            |       |     4 ||     4
   Stab: Sleeping          |     4 |     3 ||     7
 Armour: Leather armour    |    39 |    51 ||    90
  Dodge: Dodged            |    29 |    33 ||    62

Table legend: (Time is in decaauts)
 A = Elapsed time spent in this place.
 B = Non-inter-level travel time spent in this place.
 C = Inter-level travel time spent in this place.
 D = Time resting spent in this place.
 E = Time spent auto-exploring this place.
 F = Levels seen in this place.
 G = Mean time per level.
                   A        B        C        D        E       F      G
               +--------+--------+--------+--------+--------+-----+--------+
         Total |   1709 |   1649 |     60 |      0 |   1309 |   3 |  569.7 |
       Dungeon |   1709 |   1649 |     60 |      0 |   1309 |   3 |  569.7 |
               +--------+--------+--------+--------+--------+-----+--------+

Top non-repeatable levels by time:
     D:2: 1051 daAuts
     D:1: 463 daAuts
     D:3: 195 daAuts
